 Dungeon Crawl Stone Soup version 0.31-a0-345-g1ebeae05c6 (webtiles) character file.

Game seed: 2366387066518205797

1973069 Flugkiller the Slayer (level 27, 190/190 HPs)
             Began as a Gargoyle Shapeshifter on July 22, 2023.
             Was an Initiate of Gozag.
             Escaped with the Orb
             ... and 3 runes!
             The game lasted 01:17:40 (49629 turns).

Flugkiller the Slayer (Gargoyle Shapeshifter)      Turns: 49629, Time: 01:17:42

Health: 190/190    AC: 35    Str: 25      XL:     27
Magic:  20/20      EV: 33    Int:  7 (8)  God:    Gozag
Gold:   5250       SH:  0    Dex: 24      Spells: 26/26 levels left

rFire   + .          .
                       - Unarmed
rCold   + . .        (shield currently unavailable)
rNeg    + . .        G - +1 leather armour of Unambiguity {*Corrode Str+3 Int-4 Dex+8}
rPois   ∞            g - +2 hat {Will+}
rElec   +            K - scarf {rC+ rF+}
rCorr   .            (gloves currently unavailable)
SInv    .            o - +2 pair of boots
Will    +++..        E - amulet of regeneration
Stlth   +            v - +5 ring of evasion
HPRegen 1.31/turn    p - +4 ring of protection
MPRegen 0.17/turn

%: corrode self (3%)
@: blade hands, flying
A: flying, sickness immunity, AC +20, big wings, negative energy resistance 1,
electricity resistance, torment resistance 1, petrification resistance, clumsy
1, deterioration 1, low MP 1, screaming 1
0: Orb of Zot
}: 3/15 runes: decaying, abyssal, gossamer
a: Begin Untransformation, Renounce Religion, Potion Petition, Call Merchant,
Bribe Branch


You escaped.
You worshipped Gozag.
Gozag was greatly pleased with you.
You had blades for hands.
You visited 9 branches of the dungeon, and saw 45 of its levels.
You visited the Abyss 3 times.
You also visited: Ossuary.

You collected 24272 gold pieces.
You spent 3353 gold pieces at shops.
You paid 15669 gold pieces to Gozag.

Inventory:

Missiles
 u - 13 curare-tipped darts
 H - 8 throwing nets
Armour
 g - a +2 hat of willpower (worn)
   (You found it on level 4 of the Spider Nest)
 o - a +2 pair of boots (worn)
   (You found it on level 8 of the Dungeon)
 G - the +1 leather armour of Unambiguity (worn) {*Corrode Str+3 Int-4 Dex+8}
   (You found it on level 5 of the Dungeon)

   Str:       It affects your strength (+3).
   Int:       It affects your intelligence (-4).
   Dex:       It affects your dexterity (+8).
   *Corrode:  It may corrode you when you take damage.
 K - a scarf of resistance (worn)
   (You found it on level 1 of the Lair of Beasts)
Jewellery
 f - a ring of protection from fire
   (You found it on level 10 of the Dungeon)
 i - a ring of see invisible
   (You found it on level 13 of the Dungeon)
 m - a ring of willpower
   (You found it on level 2 of the Spider Nest)
 p - a +4 ring of protection (right blade hand)
   (You found it on level 8 of the Dungeon)
 v - a +5 ring of evasion (left blade hand)
   (You found it on level 5 of the Dungeon)
 E - an amulet of regeneration (around neck)
   (You found it on level 3 of the Lair of Beasts)
 T - a ring of ice
   (You found it on level 11 of the Dungeon)
Talismans
 c - a beast talisman
 F - a dragon-blood talisman
   (You bought it in a shop on level 1 of the Lair of Beasts)
 W - a blade talisman
   (You bought it in a shop on level 1 of the Lair of Beasts)
Wands
 B - a wand of flame (17)
   (You found it on level 1 of the Vaults)
 D - a wand of digging (5)
   (You found it on level 4 of the Depths)
 L - a wand of paralysis (8)
   (You found it on level 6 of the Dungeon)
 M - a wand of polymorph (17)
   (You found it on level 6 of the Dungeon)
 Q - a wand of roots (14)
   (You found it on level 9 of the Dungeon)
 R - a wand of mindburst (7)
   (You found it on level 9 of the Dungeon)
 U - a wand of light (15)
   (You found it on level 4 of the Lair of Beasts)
Scrolls
 b - 6 scrolls of enchant armour
 e - 2 scrolls of fog
 l - 11 scrolls of vulnerability
 s - 3 scrolls of silence
 t - 11 scrolls of teleportation
 x - 4 scrolls of torment
 y - 4 scrolls of butterflies
 z - 8 scrolls of blinking
 V - 7 scrolls of fear
 Z - 4 scrolls of poison
Potions
 a - 6 potions of lignification
 d - 8 potions of might
 h - 7 potions of haste
 j - 6 potions of mutation
 k - 6 potions of cancellation
 n - a potion of resistance
 q - 24 potions of curing
 r - a potion of enlightenment
 w - 10 potions of heal wounds
 A - 5 potions of invisibility
 C - 5 potions of attraction
 I - 5 potions of brilliance
 N - 2 potions of magic
 O - 17 potions of ambrosia
 S - 2 potions of berserk rage
Miscellaneous
 X - a phial of floods
   (You found it on level 4 of the Lair of Beasts)


   Skills:
 + Level 24.2 Fighting
 - Level 16.0 Armour
 - Level 18.0 Dodging
 + Level 23.9 Unarmed Combat
 - Level 12.0 Evocations
 - Level 15.0 Shapeshifting


You had 26 spell levels left.
You didn't know any spells.
Your spell library contained the following spells:

 Spells                   Type           Power      Damage    Failure   Level
 Apportation              Tloc           0%         N/A       85%         1
 Foxfire                  Conj/Fire      0%         2x1d4     85%         1
 Freeze                   Ice            0%         1d3       85%         1
 Necrotise                Necr           0%         1d4       85%         1
 Sandblast                Erth           0%         2d4       85%         1
 Shock                    Conj/Air       0%         1d3       85%         1
 Summon Small Mammal      Summ           0%         N/A       85%         1
 Blink                    Tloc           0%         N/A       91%         2
 Ensorcelled Hibernation  Hex/Ice        0%         N/A       91%         2
 Passwall                 Tmut/Erth      0%         N/A       91%         2
 Poisonous Vapours        Pois/Air       0%         N/A       91%         2
 Wereblood                Tmut           0%         N/A       91%         2
 Frozen Ramparts          Ice            0%         1d1       98%         3
 Gell's Gravitas          Tloc           0%         N/A       98%         3
 Hailstorm                Conj/Ice       0%         3d3       98%         3
 Ignite Poison            Fire/Tmut/Pois 0%         N/A       98%         3
 Inner Flame              Hex/Fire       0%         N/A       98%         3
 Mephitic Cloud           Conj/Pois/Air  0%         N/A       98%         3
 Ozocubu's Armour         Ice            0%         N/A       98%         3
 Portal Projectile        Hex/Tloc       0%         N/A       98%         3
 Stone Arrow              Conj/Erth      0%         3d7       98%         3
 Swiftness                Air            0%         N/A       98%         3
 Teleport Other           Tloc           0%         N/A       98%         3
 Tukima's Dance           Hex            0%         N/A       98%         3
 Vampiric Draining        Necr           0%         2d6       98%         3
 Vhi's Electric Charge    Tloc/Air       0%         N/A       98%         3
 Airstrike                Air            0%         2d(0-16)  100%        4
 Anguish                  Hex/Necr       0%         N/A       100%        4
 Dispel Undead            Necr           0%         3d6       100%        4
 Flame Wave               Conj/Fire      0%         2d4       100%        4
 Iskenderun's Mystic Bla  Conj/Tloc      0%         2d3       100%        4
 Leda's Liquefaction      Hex/Erth       0%         N/A       100%        4
 Manifold Assault         Tloc           0%         N/A       100%        4
 Olgreb's Toxic Radiance  Pois           0%         N/A       100%        4
 Petrify                  Tmut/Erth      0%         N/A       100%        4
 Sticky Flame             Conj/Fire      0%         2d3       100%        4
 Agony                    Necr           0%         N/A       100%        5
 Alistair's Intoxication  Tmut/Pois      0%         N/A       100%        5
 Arcjolt                  Conj/Air       0%         1d10      100%        5
 Borgnjor's Vile Clutch   Necr/Erth      0%         N/A       100%        5
 Freezing Cloud           Conj/Ice/Air   0%         6-21      100%        5
 Irradiate                Conj/Tmut      0%         3d11      100%        5
 Lee's Rapid Deconstruct  Erth           0%         3d4*      100%        5
 Metabolic Englaciation   Hex/Ice        0%         N/A       100%        5
 Summon Forest            Summ/Tloc      0%         N/A       100%        5
 Yara's Violent Unravell  Hex/Tmut       0%         3d3       100%        5
 Conjure Ball Lightning   Conj/Air       0%         3x3d6     100%        6
 Dispersal                Tloc           0%         N/A       100%        6
 Eringya's Noxious Bog    Tmut/Pois      0%         4d6       100%        6
 Leda's Unmaking          Conj/Erth      0%         9d1       100%        6
 Plasma Beam              Fire/Air       0%         2x1d10    100%        6
 Enfeeble                 Hex            0%         N/A       100%        7
 Summon Hydra             Summ           0%         N/A       100%        7
 Discord                  Hex            0%         N/A       100%        8
 Disjunction              Tloc           0%         N/A       100%        8
 Ignition                 Fire           0%         3d3       100%        8
 Infestation              Necr           0%         N/A       100%        8
 Chain Lightning          Conj/Air       0%         N/A       100%        9
 Fire Storm               Conj/Fire      0%         5d1       100%        9
 Shatter                  Erth           0%         3d5*      100%        9
 Cigotuvi's Dreadful Rot  Necr/Pois/Air  Unusable   N/A       N/A         2
 Sublimation of Blood     Necr           Unusable   N/A       N/A         2
 Simulacrum               Ice/Necr       Unusable   N/A       N/A         6

Dungeon Overview and Level Annotations

Branches:
Dungeon (15/15)            Temple (1/1) D:4            Lair (5/5) D:8
  Swamp (4/4) Lair:2       Spider (4/4) Lair:3        Slime (0/5) Lair:5
    Orc (2/2) D:12            Elf (0/3) Orc:2        Vaults (5/5) D:14
  Crypt (0/3) Vaults:2     Depths (4/4) D:15            Zot (5/5) Depths:4
Ossuary (visited)

Altars:
Ashenzari
Cheibriados
Dithmenos
Elyvilon
Fedhas
Gozag
Hepliaklqana
Kikubaaqudgha
Makhleb
Nemelex Xobeh
Okawaru
Qazlal
Ru
Sif Muna
Trog
Uskayaw
Vehumet
Wu Jian
Xom
Yredelemnul
Zin
The Shining One
Jiyva

Shops:
D:8 *   D:9 !   Orc:1 :   Orc:2 :[(*   Lair:1 =   Vaults:1 [   Vaults:2 *?:
Vaults:4 =   Depths:2 [   Depths:4 [?(!

Portals:
Hell: Depths:1 Depths:2 Depths:3 Depths:4
Abyss: Depths:3
Pandemonium: Depths:2 Depths:4
Ziggurat: Depths:1

Annotations:
D:11 Erolcha
D:14 Roxanne
Lair:3 exclusion: oklob plant
Depths:1 4 exclusions
Depths:2 1 runed translucent door
Depths:3 2 transporters
Zot:5 3 runed translucent doors, Protee's ghost, legendary BaSu


Innate Abilities, Weirdness & Mutations

You have blades for hands.
You are flying.
Your spellcasting is less reliable in this form.
You are incapable of wielding weapons or throwing items.
You are immune to sickness and miasma.
Your stone body is resilient. (AC +20)
You are immune to poison.
Your large and strong wings let you fly.
You resist negative energy. (rN+)
You are resistant to electric shocks. (rElec)
You are resistant to unholy torment.
You are immune to petrification.
You are clumsy. (Dex -2)
Your body sometimes deteriorates upon taking damage.
Your magical capacity is low. (-10% MP)
You occasionally shout uncontrollably at your foes.


Message History

There is a stone staircase leading up here.
You fly upwards.
There is a stone staircase leading down here.
You yell at the blizzard demon!
A blizzard demon comes into view.
The blizzard demon completely misses you. x2
You hit the blizzard demon.
You slash the blizzard demon, but do no damage.
The blizzard demon is lightly wounded.
You shred the blizzard demon!!! You slash the blizzard demon!
The blizzard demon is almost dead.
The blizzard demon completely misses you.
The blizzard demon misses you.
You slice the blizzard demon!!
You kill the blizzard demon!
You now have 5231 gold pieces (gained 10).
(D) Dungeon (T) Temple (L) Lair (S) Swamp (N) Spider Nest (M) Slime Pits (O) Orcish Mines (E) Elven Halls (V) Vaults (C) Crypt (U) Depths (H) Hell (Z) Zot
Where to? (Enter - D:1 @ (x,y), ? - help)
There is an open door here.
A Hell Sentinel comes into view.
There is a stone staircase leading up here.
You fly upwards.
There is a stone staircase leading down here.
(D) Dungeon (T) Temple (L) Lair (S) Swamp (N) Spider Nest (M) Slime Pits (O) Orcish Mines (E) Elven Halls (V) Vaults (C) Crypt (U) Depths (H) Hell (Z) Zot
Where to? (Enter - D:1 @ (x,y), ? - help)
There is a stone staircase leading up here.
You fly upwards.
There is a stone staircase leading down here.
There is a stone staircase leading up here.
You fly upwards.
There is a stone staircase leading down here.
There is a stone staircase leading up here.
You fly upwards.
There is a stone staircase leading down here.
You reach down and open the door.
There is an open door here.
A daeva comes into view.
It is wielding a +2 scimitar of holy wrath.
There is an open door here.
The daeva calls down the wrath of the Shining One upon you.
The Shining One smites you!
There is a stone staircase leading up here.
The daeva calls down the wrath of the Shining One upon you.
The Shining One smites you!
You fly upwards.
There is a stone staircase leading down here.
(D) Dungeon (T) Temple (L) Lair (S) Swamp (N) Spider Nest (M) Slime Pits (O) Orcish Mines (E) Elven Halls (V) Vaults (C) Crypt (U) Depths (H) Hell (Z) Zot
Where to? (Enter - D:1 @ (x,y), ? - help)
There is a stone staircase leading up here.
You fly upwards.
HP restored.
There is a stone staircase leading down here.
There is a stone staircase leading up here.
You fly upwards.
There is a stone staircase leading down here.
There is a stone staircase leading up here.
You fly upwards.
There is a stone staircase leading down here.
There is a stone staircase leading up here.
You fly upwards.
There is a stone staircase leading down here.
A Hell Sentinel comes into view.
The Hell Sentinel gestures at you.
The sphere of damnation explodes!
The damnation engulfs you!!
Your body deteriorates!
You feel dopey.
The damnation engulfs the Hell Sentinel.
The Hell Sentinel completely resists.
You shred the Hell Sentinel!!!! You slash the Hell Sentinel!!
The Hell Sentinel is almost dead.
You slice the Hell Sentinel!!
The Hell Sentinel is almost dead.
The Hell Sentinel hits you!
The Hell Sentinel hits you but does no damage.
You shred the Hell Sentinel!!!
You kill the Hell Sentinel!
No target in view!
You now have 5250 gold pieces (gained 19).
There is a staircase leading out of the dungeon here.
You start resting.
HP restored.
You're wearing all the rings you can.
Remove which one? (? for menu, Esc to cancel) < or
v - a +5 ring of evasion; > or
f - a ring of protection from fire You remove your ring of protection from fire.
p - a +4 ring of protection (right blade hand)
Enter note: gg You have blades for hands.
You are flying.
Your flying speed is average.
Your attack delay is about 0.5.
Your damage rating with unarmed combat is about 77 (Base [17 + 23 (UC)] x 137% (Str) x 140% (Fight)).
Your base attributes are Str 22, Int 12, Dex 18.
Unknown command.
Enter note: 77 base damage You have escaped!

....##.........#...........#.....
.#.......#######.#######...#.####
.#.........####...####.....#.#
.#.....#.....#..~..#.....#.#.#
##.....#8..~....~....~..8#.#.####
.....#.##...~..~~~..~...##.#.....
.....#.#.....~~~~~~~.....#.######
...........~~~~...~~~~.....#
.........~~~~~..@..~~~~~...#
.#.........~~~~...~~~~.....#
##.....#.....~~~~~~~.....#.######
......###...~..~~~..~...##.......
......##8..~....~....~..8########
.......#.....#..~..#.....##
.#...#.....####...####....#
.#.#.#...#######.#######..#
..................##...####


There were no monsters in sight!

Vanquished Creatures
  An orb of fire (Zot:1)
  3 dread liches
  2 ancient liches (Zot:1)
  Mennas (Vaults:2)
  A juggernaut (Depths:3)
  The ghost of Flapstick the Slayer, a legendary HaBe of Trog (Zot:1)
  Margery (Depths:3)
  The ghost of Fieg the Phalangite, a veteran HuWn of Lugonu (Vaults:3)
  A curse toe (Zot:4)
  A caustic shrike (Depths:2)
  12 golden dragons
  A bone dragon (Abyss:3)
  Arachne (Spider:2)
  An electric golem (Zot:5)
  3 walking earthen tomes
  Rupert (D:12)
  7 tentacled monstrosities
  4 liches
  6 Orb Guardians
  2 titans
  Zenata (Vaults:4)
  A Hell Sentinel (D:1)
  The ghost of Plog the Tortoise, an adept AtMo of Okawaru (Vaults:2)
  2 deep elf blademasters (Abyss:3)
  Mlioglotl (Spider:2)
  A quicksilver dragon (Zot:4)
  6 sphinxes
  An ancient champion (Depths:1)
  Gastronok (D:12)
  5 death cobs
  5 tentacled starspawn (Abyss:3)
  11 storm dragons
  A sphinx (shapeshifter) (D:15)
  3 thorn hunters
  2 shadow dragons
  4 tengu reavers
  A draconian monk (Zot:5)
  4 draconian knights
  5 frost giants
  14 fire giants
  6 draconian scorchers
  3 daevas
  3 deep elf sorcerers (Abyss:3)
  12 vault wardens
  2 ghost moths
  3 draconian shifters
  6 emperor scorpions
  17 ironbound preservers
  A balrug (Depths:1)
  An orc warlord (Orc:2)
  2 hydra zombies (Swamp:4)
  A spriggan defender (Depths:3)
  2 draconian annihilators (Zot:1)
  10 very ugly things
  7 vampire knights
  16 stone giants
  9 ironbound thunderhulks
  8 black draconians
  6 broodmothers
  4 purple draconians
  Nessos (D:12)
  4 eleionomae
  6 green draconians
  A deep elf annihilator (Vaults:2)
  3 red draconians (Zot:5)
  4 yellow draconians
  6 dire elephants
  13 spark wasps
  A lorocyproca (Depths:1)
  7 bunyips
  5 white draconians
  Snorg (D:11)
  A blizzard demon (D:10)
  A deep elf death mage (Vaults:2)
  8 ettins
  A merfolk javelineer (Depths:4)
  10 fire dragons
  6 entropy weavers
  14 yaktaur captains
  4 shambling mangroves
  21 vault guards
  A hell beast (Depths:1)
  5 rakshasas
  14 hydras
  21 centaur warriors
  14 ice dragons
  3 radroaches
  6 great orbs of eyes
  An ogre mage (Vaults:2)
  3 ghost crabs
  A satyr (Abyss:3)
  A death knight (Vaults:2)
  2 catoblepae
  7 boulder beetles
  4 spriggan air magi
  3 two-headed ogres
  9 ironbound frosthearts
  An anaconda (shapeshifter) (Vaults:2)
  12 deep troll shamans
  4 death yaks
  11 deep troll earth magi
  4 demonic crawlers
  6 alligators
  2 orc high priests
  3 thrashing horrors (Abyss:3)
  A vampire mage (Depths:1)
  4 hell hogs (Abyss:3)
  4 spriggan berserkers
  Nergalle (Orc:1)
  8 tengu warriors
  19 hell knights
  4 wretched stars (Abyss:3)
  A shadow wraith (D:14)
  A fire crab (Lair:5)
  8 pharaoh ants
  5 skysharks
  2 sun moths
  10 iron trolls
  4 flayed ghosts
  8 skeletal warriors
  2 swamp dragons (shapeshifter)
  6 goliath frogs
  77 deep trolls
  6 bog bodies
  3 spriggan druids
  6 lindwurms
  11 swamp dragons
  3 spectral hydras (Swamp:4)
  9 orb spiders
  15 ironbound convokers
  9 steelbarb worms
  4 wizards
  A phantasmal warrior (Swamp:4)
  5 orc knights
  5 orc sorcerers
  4 necromancers
  3 oklob plants (Swamp:4)
  33 ugly things
  3 will-o-the-wisps
  30 wolf spiders
  5 manticores
  A salamander (shapeshifter) (Depths:2)
  3 cyclopes
  12 moths of wrath
  A cyclops (shapeshifter) (Depths:2)
  5 worldbinders (Abyss:3)
  6 elephants (Lair:4)
  21 vault sentinels
  2 water nymphs (Abyss:3)
  A gargoyle (D:14)
  14 cane toads
  3 smoke demons
  4 black mambas
  8 torpor snails
  3 unseen horrors
  A cane toad (shapeshifter) (Depths:1)
  An unseen horror (shapeshifter) (D:14)
  2 freezing wraiths
  A rime drake (shapeshifter) (Depths:1)
  5 rime drakes
  28 yaktaurs
  2 efreet
  3 kobold demonologists
  10 komodo dragons
  A tormentor (Zot:5)
  A tengu conjurer (Depths:1)
  An ancient zyme (Abyss:3)
  5 meliai
  3 polar bears
  A human skeleton (Vaults:2)
  A hellwing (Zot:1)
  3 death drake zombies (Swamp:4)
  A queen bee (shapeshifter) (D:14)
  21 hornets
  A queen bee (D:11)
  6 trolls
  43 blink frogs
  8 tyrant leeches
  41 tarantellas
  A death drake skeleton (Swamp:4)
  A dream sheep (Lair:1)
  An ettin zombie (Vaults:2)
  5 raiju (Abyss:3)
  26 jumping spiders
  2 hydra skeletons (Swamp:4)
  2 water elementals (Abyss:3)
  29 culicivoras
  35 slime creatures
  A ynoxinul (Abyss:3)
  14 spriggans
  A shadow (D:11)
  4 wyverns
  38 yaks
  A hog (D:11)
  2 basilisks
  7 large abominations (Abyss:3)
  2 steam dragons
  5 wraiths
  21 vampire mosquitoes
  51 redbacks
  A basilisk (shapeshifter) (D:15)
  A chaos spawn (Abyss:3)
  4 wargs
  A neqoxec (Abyss:3)
  16 swamp worms
  An acid dragon (D:11)
  9 water moccasins
  An ice beast (D:5)
  A floating eye (Depths:1)
  8 swamp drakes
  20 orc warriors
  3 hydra simulacra (Swamp:4)
  4 black bears
  2 swamp dragon zombies (Swamp:4)
  27 wolves
  4 ogres
  6 boggarts
  A boggart (shapeshifter) (Depths:3)
  10 centaurs
  7 kobold brigands
  17 bullfrogs
  A gnoll sergeant (D:10)
  5 water moccasin zombies (Ossuary)
  An ogre simulacrum (Vaults:2)
  3 scorpions (D:6)
  23 killer bees (D:11)
  7 howler monkeys
  3 electric eels (Lair:2)
  2 small abominations (Abyss:3)
  3 hounds (D:6)
  2 quasits (Abyss:3)
  12 orc priests
  A human zombie (D:6)
  2 jellies
  5 starcursed masses (Abyss:3)
  3 gnoll boudas
  An iguana (D:5)
  Ijyb (D:3)
  17 orc wizards
  3 mummies
  14 gnolls
  4 adders
  A shadow imp (D:5)
  4 white imps
  An ufetubus (D:4)
  7 adder zombies (Ossuary)
  2 dart slugs
  54 orcs
  6 endoplasms
  A giant cockroach (D:2)
  5 gnoll zombies (Ossuary)
  6 goblins
  6 hobgoblins
  7 jackals
  3 quokkas
  3 ball pythons
  2 bats (D:1)
  2 frilled lizards
  A hobgoblin zombie (Ossuary)
  20 kobolds
  4 kobold zombies
  2 orc zombies (Ossuary)
  4 rats
  5 starspawn tentacles (Abyss:3)
1742 creatures vanquished.

Vanquished Creatures (collateral kills)
  A dread lich (Zot:5)
  2 Killer Klowns (Zot:5)
  An electric golem (Zot:5)
  5 Orb Guardians (Zot:5)
  A death cob (Zot:5)
  A ghost moth (Zot:5)
  A draconian shifter (Zot:5)
  A draconian annihilator (Zot:5)
  A green draconian (Zot:5)
  A yellow draconian (Zot:5)
  3 red draconians (Zot:5)
18 creatures vanquished.

Vanquished Creatures (others)
  5 ancient liches (Zot:5)
  An orb of fire (Zot:5)
  A dread lich (Zot:5)
  9 Orb Guardians (Zot:5)
  An Ice Fiend (Zot:5)
  A hydra (Swamp:3)
  An ugly thing (D:15)
  A komodo dragon (Zot:5)
  A yaktaur (Vaults:3)
  A bloated husk (Swamp:2)
  A hornet (Swamp:1)
  A spriggan (Swamp:1)
  A swamp drake (Swamp:1)
  6 foxfires
  A starspawn tentacle (Abyss:3)
32 creatures vanquished.

Grand Total: 1792 creatures vanquished

Notes
Turn   | Place    | Note
-------+----------+-------------------------------------------
     0 | D:1      | Flugkiller the Gargoyle Shapeshifter began the quest for
                  | the Orb.
     0 | D:1      | Reached XP level 1. HP: 12/12 MP: 1/1
   318 | D:1      | Reached XP level 2. HP: 13/16 MP: 2/2
   962 | D:2      | Reached skill level 2 in Fighting
   962 | D:2      | Reached XP level 3. HP: 20/21 MP: 3/3
  1953 | D:3      | Reached XP level 4. HP: 26/27 MP: 4/4
  2086 | D:3      | Noticed Ijyb
  2097 | D:3      | Killed Ijyb
  2392 | D:4      | Reached skill level 3 in Fighting
  2392 | D:4      | Reached XP level 5. HP: 32/32 MP: 5/5
  2578 | D:4      | Found a staircase to the Ecumenical Temple.
  2970 | Temple   | Entered the Ecumenical Temple
  2978 | Temple   | Became a worshipper of Gozag Ym Sagoz the Greedy
  3004 | D:5      | Entered Level 5 of the Dungeon
  3012 | D:5      | Noticed a black bear
  3020 | D:5      | Reached skill level 4 in Fighting
  3023 | D:5      | Killed a black bear
  3024 | D:5      | Reached XP level 6. HP: 34/39 MP: 6/6
  3310 | D:5      | Noticed a water moccasin
  3323 | D:5      | Killed a water moccasin
  3324 | D:5      | Reached skill level 5 in Fighting
  3394 | D:5      | Noticed a black bear
  3599 | D:5      | Reached XP level 7. HP: 40/44 MP: 7/7
  3639 | D:5      | Identified the +1 leather armour of Unambiguity {*Corrode
                  | Str+3 Int-4 Dex+8}
  3816 | D:5      | Reached skill level 6 in Fighting
  4185 | D:6      | Found an iron altar of Okawaru.
  4225 | D:6      | Found a sand-covered staircase.
  4257 | Ossuary  | Entered an ossuary
  4296 | Ossuary  | Reached XP level 8. HP: 51/51 MP: 8/8
  4301 | Ossuary  | Reached skill level 1 in Evocations
  4388 | Ossuary  | Reached skill level 5 in Unarmed Combat
  4503 | D:6      | Reached skill level 5 in Dodging
  4998 | D:6      | Found an ornate altar of the Wu Jian Council.
  5271 | D:7      | Found a shimmering altar of Xom.
  5399 | D:7      | Reached XP level 9. HP: 55/55 MP: 9/9
  5942 | D:8      | Found a sparkling altar of Nemelex Xobeh.
  6028 | D:8      | Found an ancient bone altar of Kikubaaqudgha.
  6029 | D:8      | Found a bloodstained altar of Trog.
  6099 | D:8      | Found Yluo's General Store.
  6102 | D:8      | Bought a scroll of identify for 28 gold pieces
  6266 | D:8      | Found a staircase to the Lair.
  6268 | D:8      | Noticed a manticore
  6577 | D:8      | Killed a manticore
  6578 | D:8      | Reached skill level 5 in Evocations
  6723 | D:8      | Found a snail-covered altar of Cheibriados.
  6766 | D:9      | Noticed a hornet
  6767 | D:9      | Found a burning altar of Makhleb.
  6782 | D:9      | Killed a hornet
  6941 | D:9      | Noticed a hornet
  6960 | D:9      | Killed a hornet
  7103 | D:9      | Reached XP level 10. HP: 41/60 MP: 10/10
  7190 | D:9      | Found Momyst's Distillery.
  7197 | D:9      | Bought a potion of heal wounds for 75 gold pieces
  7197 | D:9      | Bought a potion of heal wounds for 75 gold pieces
  7197 | D:9      | Bought a potion of berserk rage for 75 gold pieces
  7519 | D:10     | Entered Level 10 of the Dungeon
  7645 | D:10     | Reached skill level 5 in Shapeshifting
  8094 | D:10     | Found a glowing silver altar of Zin.
  8107 | D:10     | Noticed a two-headed ogre
  8127 | D:10     | Killed a two-headed ogre
  8297 | D:10     | Killed an unseen horror
  8309 | D:10     | Found a shadowy altar of Dithmenos.
  8608 | D:11     | Noticed Erolcha
  8652 | D:11     | Reached XP level 11. HP: 59/64 MP: 11/11
  8679 | D:11     | Noticed Sonja
  8681 | D:11     | Sonja changed into Sonja the hog
  8681 | D:11     | Noticed Sonja
  8692 | D:11     | Killed Sonja the hog
  8956 | D:11     | Noticed a centaur warrior
  8966 | D:11     | Killed a centaur warrior
  9355 | D:11     | Noticed Snorg
  9880 | D:11     | Killed Snorg
 10264 | Lair:1   | Entered Level 1 of the Lair of Beasts
 10958 | Lair:1   | Noticed a skyshark
 10967 | Lair:1   | Killed a skyshark
 10968 | Lair:1   | Reached XP level 12. HP: 71/71 MP: 12/12
 11076 | Lair:2   | Noticed a skyshark
 11091 | Lair:1   | Killed a skyshark
 11134 | Lair:2   | Reached skill level 7 in Fighting
 11539 | Lair:2   | Found a staircase to the Swamp.
 11550 | Lair:2   | Identified a scroll of acquirement
 11917 | Lair:2   | Noticed a death yak
 11917 | Lair:2   | Noticed a death yak
 12051 | Lair:1   | Bought a blade talisman for 680 gold pieces
 12069 | Lair:2   | Noticed a death yak
 12069 | Lair:2   | Noticed a death yak
 12408 | Lair:1   | Killed a death yak
 12409 | Lair:1   | Reached skill level 8 in Fighting
 12578 | Lair:2   | Killed a death yak
 12783 | Lair:1   | Killed a death yak
 12826 | Lair:2   | Killed a death yak
 13308 | Lair:3   | Reached skill level 9 in Fighting
 13643 | Lair:3   | Reached XP level 13. HP: 77/80 MP: 13/13
 13742 | Lair:3   | Found a hole to the Spider Nest.
 13891 | Lair:3   | Found a blossoming altar of Fedhas.
 14102 | Lair:3   | You fall into a shaft and drop 1 floor!
 14136 | Lair:4   | Reached skill level 10 in Fighting
 14346 | Lair:4   | Reached skill level 10 in Unarmed Combat
 14358 | Lair:4   | Noticed a dire elephant
 14439 | Lair:4   | Reached skill level 10 in Dodging
 14482 | Lair:4   | Reached skill level 1 in Armour
 14912 | Lair:3   | Killed a dire elephant
 15509 | Lair:5   | Entered Level 5 of the Lair of Beasts
 15577 | Lair:4   | Reached skill level 5 in Armour
 15600 | Lair:5   | Found a staircase to the Slime Pits.
 15600 | Lair:5   | Found a viscous altar of Jiyva.
 15663 | Lair:5   | Reached skill level 11 in Fighting
 15781 | Lair:5   | Gained mutation: Your large and strong wings let you fly.
                  | [Gargoyle growth]
 15781 | Lair:5   | Reached XP level 14. HP: 80/90 MP: 14/14
 15965 | Lair:5   | Found a broken altar of Ashenzari.
 16059 | Lair:5   | Reached skill level 12 in Fighting
 16524 | Lair:5   | Reached skill level 10 in Armour
 17268 | D:12     | Found a staircase to the Orcish Mines.
 17270 | D:12     | Noticed Nessos
 17286 | D:12     | Killed Nessos
 17438 | D:12     | Noticed Gastronok
 17451 | D:12     | Killed Gastronok
 17490 | D:12     | Noticed Rupert
 17663 | D:12     | Killed Rupert
 17808 | D:13     | Identified the +0 robe of Activism {rC++ Int+3}
 17842 | D:13     | Reached XP level 15. HP: 89/96 MP: 15/15
 18564 | D:14     | Found a radiant altar of Vehumet.
 18576 | D:14     | You are sucked into a shaft and drop 1 floor!
 18576 | D:15     | Entered Level 15 of the Dungeon
 18827 | D:15     | Reached skill level 13 in Fighting
 19232 | D:15     | Noticed an iron giant
 19232 | D:15     | an iron giant changed into an acid blob
 19232 | D:15     | Noticed an acid blob (glowing shapeshifter)
 19239 | D:15     | an acid blob changed into a fenstrider witch
 19239 | D:15     | Noticed a fenstrider witch (glowing shapeshifter)
 19244 | D:15     | Noticed a shadow dragon
 19279 | D:15     | an alligator snapping turtle changed into a sphinx
 19279 | D:15     | Noticed a sphinx (glowing shapeshifter)
 19281 | D:15     | Killed a sphinx
 19567 | D:15     | Found a staircase to the Depths.
 19751 | D:14     | Noticed Roxanne
 19893 | D:14     | Found an opulent altar of Gozag.
 20082 | D:14     | Reached skill level 14 in Fighting
 20119 | D:14     | Found a gate to the Vaults.
 20720 | Orc:1    | Entered Level 1 of the Orcish Mines
 20733 | Orc:1    | Noticed Nergalle
 20743 | Orc:1    | Killed Nergalle
 20916 | Orc:2    | Entered Level 2 of the Orcish Mines
 21121 | Orc:2    | Found a shimmering blue altar of Sif Muna.
 21145 | Orc:2    | Got Sif Muna's Essays on the Bonfire
 21266 | Orc:2    | Noticed an orc warlord
 21436 | Orc:2    | Killed an orc warlord
 21484 | Orc:2    | Found Qiaseiss's Antique Armour Shoppe.
 21623 | Orc:2    | Found a staircase to the Elven Halls.
 21685 | Orc:2    | Found Kogeut's Antique Weapon Shoppe.
 21700 | Orc:2    | Found Loyveics's General Store.
 21789 | Orc:2    | Found Tirras's Book Shoppe.
 21796 | Orc:2    | Acquired the +2 helmet of Protective Custody {Harm}
 21854 | Orc:1    | Reached XP level 16. HP: 89/107 MP: 16/16
 21967 | Orc:1    | Found Tupiah's Vocational Training.
 22281 | Orc:2    | Acquired a manual of Dodging
 22569 | Spider:1 | Entered Level 1 of the Spider Nest
 22602 | Spider:1 | Reached skill level 15 in Fighting
 22659 | Spider:1 | You are sucked into a shaft and drop 1 floor!
 22944 | Spider:2 | Noticed Mlioglotl
 23053 | Spider:1 | Reached skill level 15 in Unarmed Combat
 24561 | Spider:2 | Killed Mlioglotl
 24704 | Spider:2 | Reached skill level 15 in Dodging
 25404 | Spider:2 | Reached XP level 17. HP: 96/113 MP: 17/17
 25613 | Spider:3 | Noticed Arachne
 25784 | Spider:2 | Killed Arachne
 25785 | Spider:2 | Reached skill level 10 in Evocations
 26221 | Spider:4 | Entered Level 4 of the Spider Nest
 27022 | Spider:4 | Reached skill level 10 in Shapeshifting
 27200 | Spider:4 | Got a gossamer rune of Zot
 27723 | Spider:4 | Acquired 778 gold pieces
 27725 | Spider:4 | Acquired 974 gold pieces
 27942 | Swamp:1  | Entered Level 1 of the Swamp
 27953 | Swamp:1  | Reached XP level 18. HP: 119/119 MP: 18/18
 28041 | Swamp:1  | Reached XP level 19. HP: 99/124 MP: 19/19
 28042 | Swamp:1  | Reached XP level 20. HP: 104/129 MP: 20/20
 28670 | Swamp:2  | Identified the +1 war axe "Tur Eraro" {venom, Will+ Str+4
                  | Dex+3}
 30253 | Swamp:4  | Entered Level 4 of the Swamp
 30899 | Swamp:4  | Found a blossoming altar of Fedhas.
 31042 | Swamp:4  | Found a basalt altar of Yredelemnul.
 31099 | Swamp:4  | Got a decaying rune of Zot
 31622 | Vaults:1 | Entered Level 1 of the Vaults
 32896 | Vaults:1 | Reached XP level 21. HP: 119/134 MP: 21/21
 33246 | Vaults:1 | Found Pummav's Armour Emporium.
 33420 | Vaults:1 | Reached skill level 15 in Shapeshifting
 34074 | Lair:1   | Bought a dragon-blood talisman for 1360 gold pieces
 34382 | Vaults:2 | Noticed Mennas
 34566 | Vaults:2 | Killed Mennas
 34730 | Vaults:2 | Found Geocw's General Store.
 35175 | Vaults:2 | Found a staircase to the Crypt.
 35266 | Vaults:2 | Reached skill level 16 in Fighting
 36021 | Vaults:2 | Reached skill level 15 in Armour
 36407 | Vaults:2 | Found Heraej's Magic Scroll Emporium.
 36415 | Vaults:2 | Bought a scroll of acquirement for 728 gold pieces
 36415 | Vaults:2 | Acquired 502 gold pieces
 36461 | Vaults:2 | Found a runed translucent door.
 36461 | Vaults:2 | Noticed Plog's ghost (adept AtMo)
 36766 | Vaults:2 | Found Joblinig's Book Shop.
 36841 | Vaults:2 | Killed Plog's ghost
 37058 | Vaults:2 | Reached XP level 22. HP: 92/143 MP: 22/22
 38110 | Vaults:3 | Found a runed translucent gate.
 38110 | Vaults:3 | Found a runed translucent gate.
 38110 | Vaults:3 | Found a runed translucent gate.
 38233 | Vaults:3 | Reached skill level 17 in Fighting
 38535 | Vaults:3 | Noticed Fieg's ghost (veteran HuWn)
 38599 | Vaults:3 | Killed Fieg's ghost
 38681 | Vaults:3 | Identified the +0 cloak of Gozag's Righteous Fury {rN+}
 38683 | Vaults:3 | Identified the +2 cloak of Fortification {rC+ MP+9 Dex-5
                  | SInv Stlth+}
 38903 | Vaults:4 | Found Bomush's Jewellery Emporium.
 39039 | Vaults:4 | Noticed Zenata
 39177 | Vaults:4 | Killed Zenata
 39384 | Vaults:4 | Reached skill level 18 in Fighting
 39899 | Vaults:5 | Entered Level 5 of the Vaults
 40240 | Depths:1 | Entered Level 1 of the Depths
 40592 | Depths:1 | Found a gateway to Hell.
 40688 | Depths:1 | Reached XP level 23. HP: 122/153 MP: 23/23
 40708 | Depths:1 | Reached skill level 19 in Fighting
 40868 | Depths:1 | Noticed a dread lich
 41594 | Depths:1 | Reached skill level 20 in Fighting
 41852 | Depths:1 | Found a one-way gateway to a ziggurat.
 42351 | Depths:2 | Found Weocho's Antique Armour Shop.
 42387 | Depths:2 | Identified the +0 ring mail of Sunlight {Str+5}
 42411 | Depths:2 | Found a runed translucent door.
 42435 | Depths:2 | Noticed a caustic shrike
 42443 | Depths:2 | Killed a caustic shrike
 42671 | Depths:2 | Noticed a golden dragon
 42685 | Depths:2 | Killed a golden dragon
 42693 | Depths:2 | Noticed a golden dragon
 42707 | Depths:2 | Killed a golden dragon
 42732 | Depths:2 | Reached XP level 24. HP: 157/163 MP: 23/23
 42904 | Depths:2 | Reached XP level 25. HP: 168/168 MP: 23/23
 43029 | Depths:2 | Found a one-way gate leading to the halls of Pandemonium.
 43682 | Depths:3 | Found a shimmering altar of Xom.
 43683 | Depths:3 | Found an ornate altar of the Wu Jian Council.
 43684 | Depths:3 | Found a hide-covered altar of Uskayaw.
 43684 | Depths:3 | Found a hide-covered altar of Uskayaw.
 43874 | Depths:3 | Found a transporter.
 44090 | Depths:3 | Found a bloodstained altar of Trog.
 44307 | Depths:3 | Found a one-way gate to the infinite horrors of the Abyss.
 44417 | Depths:3 | Noticed a juggernaut
 44427 | Depths:3 | Killed a juggernaut
 44478 | Depths:3 | Noticed Margery
 44513 | Depths:3 | Killed Margery
 44525 | Abyss:3  | Cast into level 3 of the Abyss (spriggan defender)
 44777 | Abyss:3  | Noticed a dread lich
 44792 | Abyss:3  | Killed a dread lich
 44802 | Depths:3 | Escaped the Abyss
 44871 | Depths:3 | Identified the +0 leather armour "Baj Lothuargh" {Dex+6
                  | Stlth-}
 44990 | Depths:3 | Found a transporter.
 45006 | Depths:4 | Entered Level 4 of the Depths
 45016 | Depths:4 | Found Umoeqeg's Distillery.
 45024 | Depths:4 | Bought a potion of mutation for 160 gold pieces
 45024 | Depths:4 | Bought a potion of heal wounds for 100 gold pieces
 45078 | Depths:4 | Reached skill level 21 in Fighting
 45686 | Depths:4 | Found a gate to the Realm of Zot.
 45713 | Depths:4 | Found Uwnour's Magic Scroll Shoppe.
 45746 | Depths:4 | Bought a scroll of fear for 72 gold pieces
 45784 | Depths:4 | Found Rist's Armour Boutique.
 46003 | Depths:4 | Found Daxon's Antique Weapon Shoppe.
 46391 | Depths:3 | Voluntarily entered the Abyss.
 46401 | Abyss:3  | Found a transporter.
 46647 | Depths:3 | Escaped the Abyss
 46649 | Depths:3 | Voluntarily entered the Abyss.
 46649 | Abyss:3  | Found a corrupted altar of Lugonu.
 46680 | Abyss:3  | Reached XP level 26. HP: 169/179 MP: 18/23
 46736 | Abyss:3  | Reached skill level 22 in Fighting
 46757 | Abyss:3  | Got an abyssal rune of Zot
 46760 | Depths:3 | Escaped the Abyss
 46900 | Zot:1    | Entered Level 1 of the Realm of Zot
 47348 | Zot:1    | Found a runed translucent gate.
 47348 | Zot:1    | Found a runed translucent gate.
 47348 | Zot:1    | Found a runed translucent gate.
 47350 | Zot:1    | Found an ancient bone altar of Kikubaaqudgha.
 47350 | Zot:1    | Noticed a dread lich
 47350 | Zot:1    | Noticed a dread lich
 47350 | Zot:1    | Noticed an ancient lich
 47350 | Zot:1    | Noticed an ancient lich
 47351 | Zot:1    | Noticed Flapstick's ghost (legendary HaBe)
 47509 | Zot:1    | Noticed an orb of fire
 47512 | Zot:1    | Gained mutation: Your magical capacity is low. (-10% MP)
                  | [an orb of fire]
 47513 | Zot:1    | Gained mutation: Your body sometimes deteriorates upon
                  | taking damage. [an orb of fire]
 47514 | Zot:1    | Gained mutation: You are clumsy. (Dex -2) [an orb of fire]
 47518 | Zot:1    | Gained mutation: You occasionally shout uncontrollably at
                  | your foes. [an orb of fire]
 47527 | Zot:1    | Killed an orb of fire
 47920 | Zot:1    | Killed a dread lich
 47921 | Zot:1    | Killed an ancient lich
 47925 | Zot:1    | Killed an ancient lich
 47929 | Zot:1    | Killed a dread lich
 47956 | Zot:1    | Killed Flapstick's ghost
 47965 | Zot:1    | Identified the ring "Etauch" {Fly rN+ Str+3 Dex+3}
 47977 | Zot:1    | Identified the +2 cloak "Heugyiwk" {+Inv rC+ Int-4}
 47983 | Zot:1    | Got Kikubaaqudgha's Directory of Shades
 48267 | Zot:4    | Reached skill level 23 in Fighting
 48585 | Zot:5    | Entered Level 5 of the Realm of Zot
 48648 | Zot:5    | Found a runed translucent gate.
 48649 | Zot:5    | Found a runed translucent gate.
 48649 | Zot:5    | Noticed Protee's ghost (legendary BaSu)
 48661 | Zot:5    | Found a runed translucent gate.
 48964 | Zot:5    | Found a viscous altar of Jiyva.
 49004 | Zot:5    | Noticed a dread lich
 49008 | Zot:5    | Noticed a dread lich
 49008 | Zot:5    | Killed a dread lich
 49022 | Zot:5    | Noticed a Killer Klown
 49026 | Zot:5    | Noticed an orb of fire
 49026 | Zot:5    | Noticed an orb of fire
 49026 | Zot:5    | Noticed an orb of fire
 49028 | Zot:5    | Noticed a Killer Klown
 49054 | Zot:5    | Reached XP level 27. HP: 151/189 MP: 17/20
 49064 | Zot:5    | Noticed an orb of fire
 49070 | Zot:5    | Noticed an ancient lich
 49070 | Zot:5    | Noticed an ancient lich
 49073 | Zot:5    | Killed an ancient lich
 49086 | Zot:5    | Killed an ancient lich
 49089 | Zot:5    | Noticed a dread lich
 49089 | Zot:5    | Noticed an ancient lich
 49090 | Zot:5    | Noticed an ancient lich
 49095 | Zot:5    | Reached skill level 24 in Fighting
 49108 | Zot:5    | Got the Orb of Zot
 49562 | D:4      | Noticed Axuin the pandemonium lord
 49628 | D:1      | gg
 49628 | D:1      | 77 base damage
 49629 | D:$      | Escaped with the Orb!

Illustrated notes

....##.........#...........#.....
.#.......#######.#######...#.####
.#.........####...####.....#.#
.#.....#.....#..~..#.....#.#.#
##.....#8..~....~....~..8#.#.####
.....#.##...~..~~~..~...##.#.....
.....#.#.....~~~~~~~.....#.######
...........~~~~...~~~~.....#
.........~~~~~..@..~~~~~...#
.#.........~~~~...~~~~.....#
##.....#.....~~~~~~~.....#.######
......###...~..~~~..~...##.......
......##8..~....~....~..8########
.......#.....#..~..#.....##
.#...#.....####...####....#
.#.#.#...#######.#######..#
..................##...####


Turn 49628 on D:1: gg

Levels and vault maps discovered:
D:1:      eino_arrival_water_star, layout_basic
D:2:      layout_basic
D:3:      layout_loops_ring, uniq_ijyb
D:4:      layout_cave_pools, minmay_temple_entry_grid, serial_forest,
          infiniplex_forest_straight_5, infiniplex_forest_clump_small,
          infiniplex_forest_zigzag_1, infiniplex_forest_lined_room_2,
          infiniplex_forest_clump_tiny, infiniplex_forest_straight_2,
          minivault_5
D:5:      layout_cave_pools
D:6:      layout_loops_corners, nicolae_wu_jian_immortal_techniques,
          mainiacjoe_overflow_alcove_1, enter_ossuary_3
D:7:      layout_rooms, mainiacjoe_overflow_small_starburst
D:8:      layout_gridville, mainiacjoe_overflow_brackets, chei_slow_surprise,
          mainiacjoe_overflow_divided_tiny, lair_entry_dummy, serial_shops,
          kennysheep_mini_moat
D:9:      layout_basic, mainiacjoe_overflow_concentric_impassable, serial_shops,
          shop
D:10:     layout_roguey, lemuel_crystal_altar, marbit_many_paths,
          hangedman_glass_teeth
D:11:     layout_roguey, special_room [special_room_bee], uniq_sonja,
          uniq_snorg, uniq_erolcha
D:12:     layout_basic, david_orc_2, uniq_gastronok, uniq_nessos, uniq_rupert
D:13:     layout_loops_ring
D:14:     layout_basic, david_vaults_4, fiery_altar_vehumet,
          nicolae_gozag_seed_capital, uniq_roxanne
D:15:     gammafunk_enter_depths_forms, layout_long_grid, minmay_puff
Temple:   nicolae_temple_no_exploring_needed
Lair:1:   layout_big_grid, grunt_forest_large_clearing_hut
Lair:2:   layout_gridlike, minmay_swamp_entry_eels, grunt_megastairs_3
Lair:3:   beast_lair_carwin_large_2, layout_chaotic_city,
          spider_nest_entry_web_field, tgw_fedhas
Lair:4:   layout_regular_city, chequers_serial_rivers_micro_e,
          nicolae_lair_grove_arrangements, beast_lair_carwin_11
Lair:5:   minmay_lair_end_frog_pond, layout_big_grid, slime_entry_1,
          basic_altar, lemuel_fruit_tree
Swamp:1:  layout_falls_marsh, evilmike_swamp_ruin_rubble_2, swamp_pool4
Swamp:2:  layout_basic_swamp, evilmike_swamp_ruin_house_5
Swamp:3:  layout_basic_swamp, hangedman_swamp_lotus, nicolae_swamp_small_spring
Swamp:4:  byrel_swamp_growth_death_and_undeath, layout_basic_swamp
Spider:1: nicolae_spider_hilbert_zone_4 [nicolae_spider_hilbert_4_sides_2_open,
          nicolae_spider_hilbert_4_sides_1_open,
          nicolae_spider_hilbert_4_sides_1_open,
          nicolae_spider_hilbert_4_sides_1_open,
          nicolae_spider_hilbert_4_sides_1_open,
          nicolae_spider_hilbert_2_sides_1_open,
          nicolae_spider_hilbert_2_sides_1_open,
          nicolae_spider_hilbert_2_sides_1_open,
          nicolae_spider_hilbert_2_sides_1_open,
          nicolae_spider_hilbert_6_sides_1_open,
          nicolae_spider_hilbert_6_sides_1_open,
          nicolae_spider_hilbert_3_sides_1_open,
          nicolae_spider_hilbert_3_sides_1_open], nicolae_spider_checkerboard
Spider:2: layout_cave_pods, uniq_mlioglotl
Spider:3: layout_spider_delve, nicolae_spider_paper_wasps, uniq_arachne
Spider:4: hellmonk_spider_rune_endless_swarm
Orc:1:    layout_caves, nicolae_shop_vocational, uniq_nergalle
Orc:2:    grunt_orc_cross, layout_diamond_mine, led_sif_book
Vaults:1: nicolae_vaults_turnstiles, vaults_room_grunt_arrival_ludios,
          nicolae_vaults_what_the_h, nicolae_vaults_storage_closets_2,
          nicolae_vaults_tetromino_Z_2, nicolae_vaults_cornered_office,
          v_misc_1, nicolae_vaults_trapezoid_layered,
          ontoclasm_vaults_decontamination, nicolae_vaults_diamond_2,
          nicolae_vaults_storage_room_doors, layout_vaults_omnicross,
          serial_shops, nicolae_shop_behind_doors
Vaults:2: hellmonk_ghost_happy_afterlife, nicolae_vaults_whirlpool_walls,
          hangedman_vaults_stretched_pinwheel, nicolae_vaults_tetromino_T_1,
          nicolae_vaults_windows_and_doors_thing, vaults_mumra_hexcomb,
          layout_vaults_omnigrid, minmay_crypt_entry_simple_box, serial_shops,
          shop, shop, shop, uniq_mennas
Vaults:3: gammafunk_ghost_tricky_traps, vaults_room_fancy_cross,
          nicolae_vaults_ring_of_whatevers, nicolae_vaults_cornered_office,
          nicolae_vaults_closet_pinwheel_4, nicolae_vaults_rhombus_6,
          nicolae_vaults_bisected_slash, vaults_dpeg_diagonal,
          nicolae_vaults_octothorpe, dpeg_vaults_monster_box,
          hangedman_vaults_impose, hangedman_vaults_trim,
          nicolae_vaults_diamond_1, vaults_room_semicircle,
          layout_vaults_chaotic_city
Vaults:4: nicolae_vaults_three_branches, nicolae_vaults_trapezoid_4,
          hangedman_vaults_variations, vaults_mumra_chevron,
          vaults_room_corners, v_misc_33, v_alt_pattern_6, v_misc_22,
          hangedman_vaults_stitches, vaults_room_pools, layout_vaults_maze,
          serial_shops, nicolae_shop_advertising_works
          [nicolae_subvault_shop_adworks], uniq_zenata
Vaults:5: serial_shops, uniq_frederick
Depths:1: nicolae_aperiodic_l_corner, layout_honeycomb, enter_ziggurat_c,
          grunt_mini_vestibule, minmay_misc_feat_room, grunt_ministairs_15,
          minmay_misc_feat_pillars, minmay_fountain_box, minmay_shattered_shrine
Depths:2: minmay_central_circle, layout_cave_shapes, serial_glass,
          glass_columns_c, glass_columns_a, serial_shops, shop_statue,
          rand_demon_pan_entry_3, hell_entry, minmay_acid_items
Depths:3: minmay_the_grid_octo_2x2 [minmay_the_grid_octo_shrine,
          minmay_the_grid_octo_checkerflower, minmay_the_grid_octo_checkered,
          minmay_the_grid_octo_prize_ultimate_mussel_roller], layout_gridville,
          abyss_entry_small_statue_room, reono_crystal_passage,
          grunt_hell_entry_dis_grunt, lemuel_statue_altar, nicolae_diode_stairs,
          uniq_margery
Depths:4: evilmike_zot_entry_basic, layout_long_grid, pan_entry, pf_coc_iceberg,
          serial_shops, shop, shop, nicolae_shop_tiny_waterfront,
          minmay_shop_star
Zot:1:    layout_twisted_circle, gammafunk_ghost_crypt, st_single_dragon_hoard_1
Zot:2:    kennysheep_room_grid, layout_concentric_octagons
Zot:3:    gammafunk_dig_for_victory, layout_cathedral_of_symmetry
Zot:4:    layout_gridlike, zot_minivault_2
Zot:5:    layout_cathedral_of_symmetry, gammafunk_ghost_ooze

Skill      XL: |  1  2  3  4  5  6  7  8  9 10 11 12 13 14 15 16 17 18 19 20 21 22 23 24 25 26 27 |
---------------+----------------------------------------------------------------------------------+-----
Fighting       | 2 3 4 5 6 9 11 12 14 15 16 18 20 21 23 24 | 24.2
Dodging        | 2 3 4 5 7 8 10 11 15 16 17 18 | 18.0
Unarmed Combat | 4 6 8 11 12 14 15 17 19 20 21 23 | 23.9
Evocations     | 3 6 8 9 10 11 12 | 12.0
Shapeshifting  | 4 6 9 10 11 14 15 | 15.0
Armour         | 5 11 16 | 16.0

Action                     |  1- 3 |  4- 6 |  7- 9 | 10-12 | 13-15 | 16-18 | 19-21 | 22-24 | 25-27 || total
---------------------------+-------+-------+-------+-------+-------+-------+-------+-------+-------++-------
  Melee: Unarmed           |   106 |     5 |       |   162 |  1103 |   796 |  1022 |  1018 |   927 ||  5139
         Punch             |     1 |       |    15 |    27 |   111 |    84 |   127 |   195 |   178 ||   738
         Dagger            |       |    84 |   332 |   511 |       |       |       |       |       ||   927
         Tailslap          |       |       |       |       |       |       |    13 |       |       ||    13
         Bite              |       |       |       |       |       |       |     6 |       |       ||     6
 Invoke: Call Merchant     |       |       |       |     1 |       |       |       |       |       ||     1
         Potion Petition   |       |       |       |       |       |     1 |     2 |     1 |     2 ||     6
         Bribe Branch      |       |       |       |       |       |       |       |       |     4 ||     4
Ability: Begin Untransform |       |       |       |       |       |       |     1 |       |       ||     1
  Evoke: Wand              |       |       |     2 |    26 |     9 |     6 |     6 |     3 |     6 ||    58
         Phial of floods   |       |       |       |       |     1 |       |       |       |       ||     1
    Use: Scroll            |     1 |     3 |    19 |     6 |     8 |     6 |     5 |       |     7 ||    55
         Potion            |       |     1 |     1 |       |     2 |     1 |     6 |     1 |       ||    12
   Stab: Sleeping          |       |       |     1 |     1 |       |     1 |     1 |       |     2 ||     6
         Distracted        |       |       |       |     3 |     8 |    16 |    11 |     9 |     5 ||    52
         Paralysed         |       |       |       |    23 |     5 |       |       |       |     3 ||    31
         Petrified         |       |       |       |       |     2 |       |       |       |       ||     2
         Petrifying        |       |       |       |       |     1 |       |       |       |       ||     1
         Confused          |       |       |       |       |       |     1 |       |       |       ||     1
         Invisible         |       |       |       |       |       |       |     6 |       |       ||     6
 Armour: Animal skin       |     8 |       |       |       |       |       |       |       |       ||     8
         Scale mail        |    31 |    34 |     4 |       |       |       |       |       |       ||    69
         Skin              |       |     5 |       |       |       |       |    34 |       |       ||    39
         Leather armour    |       |       |    83 |   196 |   329 |   249 |   392 |   237 |   254 ||  1740
  Dodge: Dodged            |    46 |    45 |   347 |   859 |  1185 |  1106 |  1480 |  1113 |   896 ||  7077
   Form: Blade             |       |       |       |     1 |       |     1 |     2 |       |     1 ||     5
         Maw               |       |       |       |       |       |     1 |       |       |       ||     1
         Dragon            |       |       |       |       |       |       |     1 |       |     1 ||     2

Table legend: (Time is in decaauts)
 A = Elapsed time spent in this place.
 B = Non-inter-level travel time spent in this place.
 C = Inter-level travel time spent in this place.
 D = Time resting spent in this place.
 E = Time spent auto-exploring this place.
 F = Levels seen in this place.
 G = Mean time per level.
                   A        B        C        D        E       F      G
               +--------+--------+--------+--------+--------+-----+--------+
         Total |  48139 |  43767 |   4372 |   6843 |  23993 |  49 |  982.4 |
       Dungeon |  15132 |  13013 |   2119 |   1998 |   8108 |  15 | 1008.8 |
        Temple |     15 |      9 |      6 |      0 |      0 |   1 |   15.0 |
          Lair |   6887 |   6064 |    823 |   1364 |   2726 |   5 | 1377.4 |
         Swamp |   3324 |   3192 |    132 |    567 |   1765 |   4 |  831.0 |
   Spider Nest |   5507 |   4980 |    527 |    685 |   2706 |   4 | 1376.8 |
  Orcish Mines |   1610 |   1487 |    123 |     69 |    942 |   2 |  805.0 |
        Vaults |   6941 |   6616 |    325 |   1113 |   3622 |   5 | 1388.2 |
        Depths |   5846 |   5667 |    179 |    822 |   3213 |   4 | 1461.5 |
           Zot |   2098 |   1962 |    136 |    171 |    802 |   5 |  419.6 |
         Abyss |    548 |    548 |      0 |     53 |     11 |   3 |  182.7 |
       Ossuary |    227 |    227 |      0 |      0 |     96 |   1 |  227.0 |
               +--------+--------+--------+--------+--------+-----+--------+

Top non-repeatable levels by time:
Vaults:2: 2512 daAuts
Depths:1: 2025 daAuts
Spider:4: 1753 daAuts
Vaults:1: 1709 daAuts
Spider:2: 1696 daAuts
  Lair:1: 1693 daAuts
    D:11: 1656 daAuts
  Lair:2: 1531 daAuts
Spider:1: 1508 daAuts
Vaults:3: 1487 daAuts
    D:14: 1483 daAuts
  Lair:3: 1384 daAuts
Depths:4: 1382 daAuts
Depths:3: 1304 daAuts
     D:8: 1302 daAuts
